 Dungeon Crawl Stone Soup version 0.31-a0-1321-g5021b54cb2 (webtiles) character file.

Game seed: 13498756142477948370

38 IdlyInterested the Cudgeller (level 3, -3/29 HPs)
             Began as a Demonspawn Gladiator on Dec 20, 2023.
             Killed by divine providence
             ... invoked by an orc priest
              (15 damage)
             ... on level 3 of the Dungeon.
             The game lasted 00:03:28 (1111 turns).

IdlyInterested the Cudgeller (Demonspawn Gladiator) Turns: 1111, Time: 00:03:29

Health: -3/29      AC:  5    Str: 16    XL:     3   Next: 25%
Magic:  3/3        EV: 17    Int:  8    God:
Gold:   7          SH:  0    Dex: 16    Spells: 2/2 levels left

rFire   . . .        q - +1 flail (drain)
rCold   . . .        (no shield)
rNeg    . . .        r - +2 leather armour {rPois}
rPois   +            (helmet restricted)
rElec   .            (no cloak)
rCorr   .            (no gloves)
SInv    .            (no boots)
Will    .....        (no amulet)
Stlth   ++           n - +5 ring of evasion
HPRegen 0.24/turn    (no ring)
MPRegen 0.08/turn

%: no passive effects
@: no status effects
A: horns 1, thin skeletal structure 1
a: no special abilities


You were on level 3 of the Dungeon.
You visited 1 branch of the dungeon, and saw 3 of its levels.

You collected 102 gold pieces.
You spent 95 gold pieces at shops.

Inventory:

Hand Weapons
 a - a +0 flail
 q - a +1 flail of draining (weapon)
Missiles
 d - 4 throwing nets
 e - a javelin
 k - 21 stones (quivered)
Armour
 b - a +0 chain mail
 m - a +0 scale mail
 r - a +2 leather armour of poison resistance (worn)
Jewellery
 n - a +5 ring of evasion (left hand)
Scrolls
 c - a scroll of enchant weapon {unknown}
 g - 2 scrolls of identify {unknown}
 i - a scroll of blinking {unknown}
 j - 2 scrolls of teleportation {unknown}
Potions
 f - 2 potions of curing {unknown}
 h - a potion of invisibility {unknown}
 l - 2 potions of might {unknown}
 o - a potion of berserk rage {unknown}
 p - 4 potions of heal wounds {unknown}


   Skills:
 - Level 3.0 Fighting
 - Level 3.0 Maces & Flails
 + Level 2.4 Throwing
 - Level 2.6 Dodging


You had 2 spell levels left.
You didn't know any spells.
Your spell library contained the following spells:

 Spells                   Type           Power      Damage    Failure   Level
 Jinxbite                 Hex            0%         N/A       63%         2
 Tukima's Dance           Hex            0%         N/A       85%         3
 Dimensional Bullseye     Hex/Tloc       0%         N/A       99%         4
 Iskenderun's Mystic Bla  Conj/Tloc      0%         2d3       99%         4
 Yara's Violent Unravell  Hex/Alch       0%         3d3       100%        5
 Enfeeble                 Hex            0%         N/A       100%        7


Dungeon Overview and Level Annotations

Branches:
Dungeon (2/15)

Altars:

Shops:
D:1 *


Innate Abilities, Weirdness & Mutations

You have a pair of small horns on your head.
You have a somewhat thin skeletal structure. (Dex +2, Stealth+)


Message History

You kill the kobold!
You see here a +0 short sword.
You see here a +2 dagger of holy wrath.
Found a hand axe.
A rat comes into view.
A malevolent force fills the Dungeon...
You fall into a shaft and drop 1 floor!
The shaft crumbles and collapses.
A goblin comes into view. It is wielding a +0 club.
The goblin shouts!
You hear a shout! x2
A rat comes into view.
The rat squeaks loudly.
A kobold comes into view. It is wielding a +0 dagger.
The goblin closely misses you.
The kobold shouts!
You hit the goblin. You drain the goblin.
You kill the goblin!
You hear a loud squeak.
You barely miss the rat. You headbutt the rat.
You kill the rat!
An orc priest comes into view. It is wielding a +0 dagger.
An orc comes into view. It is wielding a +0 hand axe.
You hit the kobold.
You kill the kobold!
You see here a +0 dagger.
The orc completely misses you.
You barely miss the orc. You headbutt the orc, but do no damage.
The orc hits you but does no damage.
The orc priest calls down the wrath of Beogh upon you.
Beogh smites you! The orc hits you but does no damage.
You barely miss the orc. Your headbutt misses the orc.
The orc closely misses you.
You closely miss the orc. Your headbutt misses the orc.
The orc hits you with a +0 hand axe.
You hit the orc.
The orc is lightly wounded.
The orc priest calls down the wrath of Beogh upon you.
Beogh smites you!
Ouch! That really hurt!
You die...

.
#########....
#..)@oo......
#######......
..... ....
..o .o .


You could see an orc priest and an orc.

Vanquished Creatures
  An orc (D:2)
  3 endoplasms (D:1)
  A giant cockroach (D:1)
  5 goblins
  4 hobgoblins
  2 jackals (D:2)
  2 quokkas (D:1)
  2 ball pythons (D:1)
  5 bats
  A frilled lizard (D:1)
  3 kobolds
  5 rats
34 creatures vanquished.

Notes
Turn   | Place    | Note
-------+----------+-------------------------------------------
     0 | D:1      | IdlyInterested the Demonspawn Gladiator began the quest for
                  | the Orb.
     0 | D:1      | Reached XP level 1. HP: 16/16 MP: 1/1
   236 | D:1      | Gained mutation: You have a somewhat thin skeletal
                  | structure. (Dex +2, Stealth+) [demonic ancestry]
   236 | D:1      | Reached XP level 2. HP: 21/23 MP: 2/2
   304 | D:1      | Found a faded altar of an unknown god.
   614 | D:1      | Found Neyl's Assorted Antiques.
   618 | D:1      | Bought an emerald potion for 23 gold pieces
   618 | D:1      | Bought a scroll labelled MOHYOW FUSS for 26 gold pieces
   618 | D:1      | Bought 2 emerald potions for 46 gold pieces
   913 | D:2      | Gained mutation: You have a pair of small horns on your
                  | head. [demonic ancestry]
   913 | D:2      | Reached XP level 3. HP: 29/29 MP: 3/3
  1093 | D:2      | You fall into a shaft and drop 1 floor!
  1111 | D:3      | Killed from afar by an orc priest

Illustrated notes

Levels and vault maps discovered:
D:1:      ldierk_walled_garden, layout_basic, serial_shops,
          nicolae_shop_back_alley_shop, chequers_ecumenical_altar_simple,
          chequers_serial_rivers_large_a, minmay_tetromino_i4
D:2:      layout_basic
D:3:      cheibrodos_old_hovel, layout_rooms

Skill      XL: |  1  2 |
---------------+-------+-----
Maces & Flails | 3 |  3.0
Fighting       | 3 |  3.0
Throwing       | 2 |  2.4
Dodging        | |  2.6

Action                     || total
---------------------------++-------
  Melee: Flail             ||    75
         Headbutt          ||     4
  Throw: Stone             ||     3
   Stab: Sleeping          ||     2
 Armour: Leather armour    ||    31
         Chain mail        ||    12
  Dodge: Dodged            ||    45

Table legend: (Time is in decaauts)
 A = Elapsed time spent in this place.
 B = Non-inter-level travel time spent in this place.
 C = Inter-level travel time spent in this place.
 D = Time resting spent in this place.
 E = Time spent auto-exploring this place.
 F = Levels seen in this place.
 G = Mean time per level.
                   A        B        C        D        E       F      G
               +--------+--------+--------+--------+--------+-----+--------+
         Total |   1135 |   1125 |     10 |    105 |    671 |   3 |  378.3 |
       Dungeon |   1135 |   1125 |     10 |    105 |    671 |   3 |  378.3 |
               +--------+--------+--------+--------+--------+-----+--------+

Top non-repeatable levels by time:
     D:1: 827 daAuts
     D:2: 289 daAuts
     D:3: 19 daAuts
